 Dungeon Crawl Stone Soup version 0.31.0 (webtiles) character file.

Game seed: 13525998108368796663

53 shmup the Firebug (level 3, 0/19 HPs)
             Began as a Tengu Fire Elementalist on Jan 19, 2024.
             Killed from afar by Sigmund (7 damage)
             ... with a puff of flame
             ... on level 2 of the Dungeon.
             The game lasted 00:03:45 (1513 turns).

shmup the Firebug (Tengu Fire Elementalist)         Turns: 1513, Time: 00:03:46

Health: 0/19       AC:  2    Str: 14    XL:     3   Next: 87%
Magic:  7/7        EV: 27    Int: 17    God:
Gold:   41         SH:  0    Dex: 14    Spells: 3/6 levels left

rFire   . . .        c - +0 dagger
rCold   . . .        (no shield)
rNeg    . . .        a - +0 robe
rPois   .            (helmet restricted)
rElec   .            (no cloak)
rCorr   .            (no gloves)
SInv    .            (boots unavailable)
Will    .....        (no amulet)
Stlth   ++           j - +6 ring of strength
HPRegen 0.23/turn    (no ring)
MPRegen 0.10/turn

%: acrobat
@: acrobatic
A: beak, talons 3, acrobatic
a: no special abilities


You were on level 2 of the Dungeon.
You visited 1 branch of the dungeon, and saw 2 of its levels.

You collected 41 gold pieces.

Inventory:

Hand Weapons
 c - a +0 dagger (weapon)
 g - a +0 spear
Missiles
 d - 9 stones (quivered)
Armour
 a - a +0 robe (worn)
Jewellery
 j - a +6 ring of strength (left hand)
Scrolls
 f - a scroll of teleportation {unknown}
Potions
 b - a potion of magic
 e - 2 potions of curing {unknown}
 h - a potion of might {unknown}
 i - a potion of attraction {unknown}


   Skills:
 - Level 2.1 Dodging
 - Level 2.0 Stealth
 - Level 2.0 Spellcasting
 - Level 1.3 Conjurations
 + Level 5.1 Fire Magic


You had 3 spell levels left.
You knew the following spells:

 Your Spells              Type           Power      Damage    Failure   Level
a - Foxfire               Conj/Fire      48%        2x1d6     4%          1
b - Scorch                Fire           38%        2d6       3%          2

Your spell library contained the following spells:

 Spells                   Type           Power      Damage    Failure   Level
 Inner Flame              Hex/Fire       10%        N/A       21%         3
 Volatile Blastmotes      Fire/Tloc      20%        2d11      21%         3
 Flame Wave               Conj/Fire      12%        2d6       45%         4


Dungeon Overview and Level Annotations

Branches:
Dungeon (2/15) Zot: 10486

Altars:

Shops:
D:1 *?(

Annotations:
D:2 Natasha, Sigmund


Innate Abilities, Weirdness & Mutations

You have a beak for a mouth.
You have claws for feet.
You can magically evade attacks while moving or waiting.


Message History

Sigmund gestures at you while chanting.
You are more confused.
Unknown command.
Sigmund is no longer more vulnerable to fire.
Sigmund barely misses you.
You're too confused to cast spells.
You bump into the rock wall.
You're too confused to cast spells.
You're too confused to cast spells.
You bump into the rock wall.
Sigmund closely misses you.
You're too confused to cast spells.
You bump into the rock wall.
Sigmund closely misses you.
You're too confused to cast spells.
You bump into the rock wall.
You're too confused to cast spells.
You bump into the rock wall.
Sigmund closely misses you.
You're too confused to cast spells.
You're too confused to move!
Sigmund gestures wildly while chanting.
Sigmund flickers and vanishes!
Deactivating autopickup; reactivate with Ctrl-A.
You're too confused to cast spells.
Something hits you but does no damage.
You miss something. Your punch misses something.
You're too confused to cast spells.
You bump into the rock wall.
Something hits you but does no damage.
You bump into the rock wall.
You feel less confused. Something hits you!
Ouch! That really hurt!
* * * LOW HITPOINT WARNING * * *
Something closely misses you. Something misses you.
A magic dart appears from out of thin air!
The magic dart hits you!
* * * LOW HITPOINT WARNING * * *
Something tries to affect you, but you resist.
A puff of flame appears from out of thin air!
The puff of flame hits you!
You die...

..▒▒▒...▒.▒▒.▒
..........w..▒ ▒..▒
..▒▒▒..)▒.▒▒▒▒ ▒..▒ ..▒
▒▒.▒▒.▒▒▒▒▒▒..▒ ▒▒▒▒▒▒.
..▒▒▒▒.▒▒.......<.▒
▒......
........▒▒▒▒▒▒▒▒..▒ ▒.▒
▒▒▒▒▒▒..▒▒ ▒..▒ ▒.▒
▒▒▒▒▒▒...▒▒▒▒▒▒▒..▒ ▒.▒
................Q.▒ ▒.▒
▒▒▒▒▒▒...▒▒▒▒▒▒▒..▒ ▒.▒
▒ ▒▒▒▒▒ ▒..▒ ▒.▒ ▒ ▒..▒
▒.▒ ▒▒▒▒▒▒▒▒▒▒▒▒ ▒..▒
▒.▒
...........▒▒▒▒▒..▒▒▒▒▒▒
▒{▒
▒▒▒▒▒▒▒▒▒▒........{....▒
▒.▒ ▒▒ ▒▒▒▒▒▒▒▒▒▒▒▒▒{▒
▒.▒ ▒. ▒.▒▒▒▒.▒▒▒▒.


There were no monsters in sight!

Vanquished Creatures
  An adder (D:2)
  A ribbon worm (D:2)
  6 ball pythons
  2 bats (D:1)
  An endoplasm (D:1)
  3 giant cockroaches (D:1)
  8 hobgoblins (D:1)
  2 jackals (D:1)
  4 kobolds
  3 quokkas
  5 frilled lizards
  2 rats (D:1)
38 creatures vanquished.

Vanquished Creatures (others)
  91 foxfires
91 creatures vanquished.

Grand Total: 129 creatures vanquished

Notes
Turn   | Place    | Note
-------+----------+-------------------------------------------
     0 | D:1      | shmup the Tengu Fire Elementalist began the quest for the
                  | Orb.
     0 | D:1      | Reached XP level 1. HP: 10/10 MP: 4/4
    57 | D:1      | Reached XP level 2. HP: 13/15 MP: 1/6
   130 | D:1      | Reached skill level 4 in Fire Magic
   339 | D:1      | Found Joir's Magic Scroll Boutique.
   479 | D:1      | Reached XP level 3. HP: 19/19 MP: 5/7
   521 | D:1      | Found a faded altar of an unknown god.
   832 | D:1      | Found Jaeh's General Store.
   930 | D:1      | Found Guzemuv's Weapon Shop.
   949 | D:2      | Noticed Natasha
   955 | D:1      | Learned a level 2 spell: Scorch
  1297 | D:2      | Reached skill level 5 in Fire Magic
  1468 | D:2      | Noticed Sigmund
  1513 | D:2      | Killed from afar by Sigmund

Illustrated notes

Levels and vault maps discovered:
D:1:      matt_arrival_grand_opening, layout_rooms,
          hellmonk_ecumenical_altar_crossroads, serial_shops, shop,
          nicolae_shop_temple_entry_statues_fountains,
          nicolae_shop_hallway_stairs, hangedman_decor_push
D:2:      layout_loops_ring, minmay_hexomino_p4, uniq_sigmund, uniq_natasha

Skill      XL: |  1  2  3 |
---------------+----------+-----
Fire Magic     | 4 5 |  5.1
Dodging        | |  2.1
Stealth        | |  2.0
Spellcasting   | |  2.0
Conjurations   | |  1.3

Action                     || total
---------------------------++-------
  Melee: Dagger            ||     8
         Peck              ||     3
         Kick              ||     2
   Cast: Foxfire           ||    52
         Scorch            ||     4
 Armour: Robe              ||    19
  Dodge: Dodged            ||    41
